 Dungeon Crawl Stone Soup version 0.28.0 (webtiles) character file.

Game seed: 177090192431272663

54 crazypyro the Skirmisher (level 3, -3/60 HPs)
             Began as an Ogre Berserker on Feb 10, 2022.
             Was a Believer of Trog.
             Slain by a gnoll (6 damage)
             ... on level 2 of the Dungeon.
             The game lasted 00:01:36 (1971 turns).

crazypyro the Skirmisher (Ogre Berserker)           Turns: 1971, Time: 00:01:37

Health: -3/60      AC:  3    Str: 23    XL:     3   Next: 91%
Magic:  3/3        EV: 10    Int:  8    God:    Trog [**....]
Gold:   35         SH:  0    Dex:  8    Spells: 2/2 levels left

rFire   . . .      SeeInvis .   a - +0 mace
rCold   . . .      Faith    .   (no shield)
rNeg    . . .      Spirit   .   b - +0 animal skin
rPois   .          Reflect  .   (helmet restricted)
rElec   .          Harm     .   (no cloak)
rCorr   .          Rampage  .   (gloves unavailable)
Will    ++...                   (boots unavailable)
Stlth   ..........              (no amulet)
HPRegen 1.20/turn               (no ring)
MPRegen 0.08/turn               (no ring)

@: berserking, strong-willed, regenerating, very quick
A: large, unfitting armour, tough skin 1
a: Renounce Religion, Berserk, Trog's Hand


You were on level 2 of the Dungeon.
You worshipped Trog.
Trog was pleased with you.
You visited 1 branch of the dungeon, and saw 2 of its levels.

You collected 35 gold pieces.

Inventory:

Hand Weapons
 a - a +0 mace (weapon)
Armour
 b - a +0 animal skin (worn)
Jewellery
 c - a +6 ring of strength
Scrolls
 d - a scroll of fear {unknown}
 f - 2 scrolls of identify {unknown}
 i - a scroll of teleportation {unknown}
Potions
 e - a potion of berserk rage {unknown}
 g - a potion of curing {unknown}
 h - a potion of invisibility {unknown}
 j - 2 potions of might {unknown}
 k - a potion of attraction {unknown}


   Skills:
 + Level 4.6 Fighting
 * Level 3.5 Maces & Flails
 + Level 3.1 Dodging


You had 2 spell levels left.
You didn't know any spells.
Your spell library was empty.

Dungeon Overview and Level Annotations

Branches:
Dungeon (2/15)

Altars:


Innate Abilities, Weirdness & Mutations

You are too large for most types of armour.
You have tough skin. (AC +1)


Message History

There is an escape hatch in the floor here.
You slide downwards.
The hatch slams shut behind you.
The gnoll shouts!
The ball python hisses angrily.
The bat hits you but does no damage.
Found 17 bolts.
Found a stone staircase leading down.
You barely miss the bat. The bat hits you but does no damage.
The gnoll hits you from afar with a +0 halberd.
The ball python bites you. The bat completely misses you. The bat hits you.
The bat misses you. The ball python bites you. The bat misses you.
The bat hits you but does no damage. The bat misses you.
The bat hits you but does no damage.
Found a book of Rime.
The bat hits you but does no damage.
Found 8 gold pieces.
The bat closely misses you. The bat closely misses you.
The bat closely misses you. The ball python bites you. The bat misses you.
The bat barely misses you. The bat hits you but does no damage.
You sock the ball python!
You kill the ball python!
Trog accepts your kill. The bat closely misses you.
The gnoll barely misses you. The gnoll hits you with a +0 flail!
Your skin crawls.
You feel strong-willed. The bat barely misses you. The gnoll barely misses you.
A red film seems to cover your vision as you go berserk!
You feel yourself moving faster!
You feel mighty! The bat closely misses you.
The gnoll hits you from afar with a +0 halberd! x2
The gnoll hits you with a +0 flail.
* * * LOW HITPOINT WARNING * * *
You hit the gnoll.
The gnoll is heavily wounded.
The bat closely misses you.
The gnoll hits you from afar with a +0 halberd!
* * * LOW HITPOINT WARNING * * *
The gnoll hits you from afar with a +0 halberd.
You die...

###########
#g@.......#
##†......#
#bgg.....# .#
#.....:$##
...##.......#
#...#...####
###.....#
###...#######.
####.........


You could see 3 gnolls and a bat.

Vanquished Creatures
  A gnoll (D:1)
  A dart slug (D:1)
  2 bats (D:1)
  4 endoplasms (D:1)
  3 giant cockroaches (D:1)
  A hobgoblin (D:1)
  4 kobolds
  6 quokkas
  6 ball pythons
  5 goblins (D:1)
  6 rats (D:1)
39 creatures vanquished.

Vanquished Creatures (others)
  2 fungi (D:2)
  7 plants (D:2)
9 creatures vanquished.

Grand Total: 48 creatures vanquished

Notes
Turn   | Place    | Note
-------+----------+-------------------------------------------
     0 | D:1      | crazypyro the Ogre Berserker began the quest for the Orb.
     0 | D:1      | Reached XP level 1. HP: 24/24 MP: 1/1
   249 | D:1      | Reached XP level 2. HP: 24/32 MP: 2/2
   731 | D:1      | Reached XP level 3. HP: 24/40 MP: 3/3
   894 | D:1      | Reached ** piety under Trog
  1971 | D:2      | HP: 3/60 [gnoll (11)]
  1971 | D:2      | Slain by a gnoll

Illustrated notes

Levels and vault maps discovered:
D:1:      dpeg_arrival_tiny_b, layout_loops_ring
D:2:      layout_rooms, shapermc_ecumenical_altar_hornbeckon

Skill      XL: |  1  2 |
---------------+-------+-----
Maces & Flails | 3 |  3.5
Dodging        | 3 |  3.1
Fighting       | |  4.6

Action                   || total
-------------------------++-------
Melee: Mace              ||   127
Invok: Berserk           ||     1
       Trog's Hand       ||     1
 Stab: Sleeping          ||     2
Armor: Animal skin       ||    41
Dodge: Dodged            ||    87
